 Dungeon Crawl Stone Soup version 0.6.0-a1-963-g53a9087 character file.

1449399 78291 the Shatterer (level 25, 276/296 HPs)
             Began as a Troll Crusader on Nov 21, 2009.
             Was the Champion of Jiyva.
             Escaped with the Orb
             ... and 3 runes (of 3 types) on Dec 8, 2009!
             The game lasted 05:22:24 (87575 turns).

78291 the Shatterer (Troll Crusader)               Turns: 87575, Time: 05:22:24

HP 276/296       AC 26     Str 14 Exp: 25/1038613 (128), need: 87136
MP  31/31        EV 18     Int 29      God: Jiyva [******]
Gold 8577        SH  0     Dex 12      Spells:  8 memorised, 11 levels left

Res.Fire  : + + .   See Invis. : .   a - +5 giant spiked club of Creoshant {god gif Res.Cold : + + + Warding : . A - +6 robe {rC+ rF+} Life Prot.: + . . Conserve : . (shield restricted)
Res.Poison: +       Res.Corr.  : +   e - +2 hat of the Alchemist {rElec rF+ rC+ MR}
Res.Elec. : +       Clarity    : .   u - +3 cloak "Shritufidgh" {god gift, Str+2 Da Spirit.Shd: . (gloves unavailable)
Sust.Abil.: .       Rnd.Telep. : .   (boots unavailable)
Res.Mut.  : +       Ctrl.Telep.: +   q - amulet of Summertime {rSlow rC++ Dam+2}
Res.Rott. : .       Levitation : .   k - +0,+5 ring of slaying
Res.Slow  : +       Ctrl.Flight: .   h - ring of poison resistance
Gourmand  : +

@: quick, extremely resistant to magic, stealthy
A: unfitting armour, regeneration 2, fast metabolism 3, teleport control, speed
1, teleport at will 1, horns 2, mutation resistance 3, +30% hp, saprovore 2,
gourmand, AC +12, Str +1, Int +1, Dex -3
a: Teleportation, Request Jelly, Slimify, Cure Bad Mutation, Renounce Religion


You escaped.
You worshipped Jiyva.
Jiyva was exalted by your worship.
You were not hungry.

You visited 12 branches of the dungeon, and saw 83 of its levels.
You visited 1 Labyrinth.
You visited 2 bazaars.
You visited 1 portal chamber: volcano.

You collected 11141 gold pieces.
You spent 2584 gold pieces at shops.

Inventory:

Hand weapons
 a - the +5,+5 giant spiked club of Creoshant (weapon) {god gift, pierce, rElec rN+ Dex+2 Stlth+}
   (Okawaru gifted it to you on level 23 of the Dungeon)

   It inflicts extra damage upon your enemies.
   It affects your dexterity (+2).
   It insulates you from electricity.
   It protects you from negative energy.
   It makes you much more stealthy.
 b - a +5,+6 giant spiked club of piercing
   (You took it off a hill giant on level 11 of the Dungeon)
 y - a +2,+0 blowgun
   (You took it off a kobold on level 4 of the Dungeon)
Missiles
 Q - 17 curare-tipped +0 needles {!f}
Armour
 e - the +2 hat of the Alchemist (worn) {rElec rF+ rC+ MR}
   (You bought it in a shop on level 3 of the Vaults)

   It protects you from fire.
   It protects you from cold.
   It insulates you from electricity.
   It increases your resistance to enchantments.
 u - the +3 cloak "Shritufidgh" (worn) {god gift, Str+2 Dam+4}
   (Okawaru gifted it to you on level 3 of the Vaults)

   It affects your strength (+2).
   It affects your damage-dealing abilities (+4).
 A - a +6 robe of resistance (worn)
   (You took it off Francis on level 20 of the Dungeon)
Magical devices
 x - a wand of cold (3)
   (You took it off an orc wizard on level 5 of the Vaults)
 B - a wand of digging (12)
   (You took it off Blork the orc on level 6 of the Dungeon)
 C - a wand of teleportation (10)
   (You found it on level 3 of the Realm of Zot)
 H - a wand of hasting (6)
   (You found it on level 4 of the Dungeon)
 J - a wand of teleportation (7)
   (You found it on level 8 of the Dungeon)
 N - a wand of teleportation (8)
   (You found it on level 26 of the Dungeon)
Comestibles
 j - 9 bread rations
 s - 7 meat rations
 w - 2 apples
 z - a royal jelly
 F - a lychee
 O - 8 honeycombs
Scrolls
 f - 2 scrolls of fear
 Y - a scroll of fog
Jewellery
 c - an uncursed ring of sustenance
   (You found it on level 8 of the Lair of Beasts)
 h - a ring of poison resistance (left hand)
   (You found it on level 19 of the Dungeon)
 i - an uncursed amulet of warding
   (You found it on level 7 of the Lair of Beasts)
 k - a +0,+5 ring of slaying (right hand)
   (You found it on level 9 of the Dungeon)
 n - an uncursed ring of wizardry
   (You found it on level 2 of the Snake Pit)
 o - an uncursed amulet of resist mutation
   (You found it on level 3 of the Lair of Beasts)
 q - the amulet of Summertime (around neck) {rSlow rC++ Dam+2}
   (You found it on level 6 of the Pits of Slime)

   [amulet of resist slowing]

   It affects your damage-dealing abilities (+2).
   It greatly protects you from cold.
 r - a +0,+5 ring of slaying
   (You bought it in a shop in a bazaar)
 t - an uncursed ring of teleport control
   (You found it on level 1 of the Shoals)
 E - the ring "Obosoz" {Hunger- SInv}
   (You found it in a Labyrinth)

   [ring of sustenance]

   It enhances your eyesight.
 M - the ring of Robustness {AC+8}
   (You found it on level 7 of the Elven Halls)

   [ring of protection]

   It affects your AC (+8).
 P - the amulet "Scheg" {rSlow rF+ MR Dex+4}
   (You bought it in a shop on level 26 of the Dungeon)

   [amulet of resist slowing]

   It affects your dexterity (+4).
   It protects you from fire.
   It increases your resistance to enchantments.
Potions
 m - a potion of heal wounds
 L - a potion of restore abilities
 U - 3 potions of healing
 V - a potion of invisibility
Magical staves
 S - a staff of energy
   (You found it on level 15 of the Dungeon)
Orbs of Power
 l - the Orb of Zot
   (You found it on level 5 of the Realm of Zot)
Miscellaneous
 d - a serpentine rune of Zot
   (You found it on level 5 of the Snake Pit)
 g - a barnacled rune of Zot
   (You found it on level 5 of the Shoals)
 v - a silver rune of Zot
   (You found it on level 8 of the Vaults)

   You had 128 experience left.


   Skills:
 + Level 14 Fighting
 + Level 24 Maces & Flails
 + Level 17 Dodging
 - Level 3 Stealth
 - Level 1 Stabbing
 + Level 3 Traps & Doors
 + Level 3 Unarmed Combat
 + Level 7 Spellcasting
 + Level 13 Enchantments
 - Level 5 Necromancy
 + Level 1 Translocations
 - Level 1 Ice Magic
 + Level 4 Air Magic
 + Level 2 Evocations


You had 11 spell levels left.
You knew the following spells:

 Your Spells              Type           Power        Success   Level
a - Regeneration          Ench/Necr      #######...   Excellent   3
b - Repel Missiles        Air/Ench       #######...   Excellent   2
d - Blink                 Tloc           N/A          Great       2
e - Levitation            Air/Ench       #######...   Excellent   2
k - Silence               Air/Ench       #######...   Great       5
n - Haste                 Ench           #######...   Great       6
P - Berserker Rage        Ench           N/A          Excellent   3
Q - Selective Amnesia     Ench           N/A          Excellent   4

Overview of the Dungeon

Branches:
Temple (1/1): D:4 Orc (4/4): D:7 Elf (7/7): Orc:3 Lair (8/8): D:12 Shoal (5/5): Lair:3 Slime (6/6): Lair:6 Snake (5/5): Lair:4 Hive (2/2): D:15 Vault (8/8): D:18 Blade (0/1): Vault:6 Crypt (5/5): Vault:4 Tomb (0/3): Crypt:2 Zot (5/5): D:27

Altars:
Jiyva: Lair:8, Slime:6 Zin: Orc:4, Snake:3, Vault:7 Kikubaaqudgha: Crypt:5 Okawaru: D:12 Trog: D:26 Beogh: Orc:2 Fedhas: D:3, D:12

Shops:
D:4: ( D:7: ! D:8: ( D:12: ! D:16: * D:25: % D:26: = D:27: [ Orc:1: ( Orc:2: * Elf:5: * Lair:4: [ Snake:2: ( Snake:4: [ Vault:3: [

Portals:
Hell: D:21 D:22 D:23 D:24 D:25 D:26 D:27
Abyss: D:21 D:22 D:24 D:25 D:26 D:27
Pan: D:23 D:24


Innate Abilities, Weirdness & Mutations

You have claws for hands.
Your body does not fit into most forms of armour.
You have very tough skin (AC +2).
You heal very quickly.
Your metabolism is lightning-fast.
You can eat rotten meat.
You like to eat raw meat.
You are covered in fur (AC +1).
Your mind is acute (Int +1).
You can control translocations.
You cover ground quickly.
You can teleport at will.
You have a pair of horns on your head.
Your muscles are strong (Str +1), but stiff (Dex -1).
Your current mutations are irrevocably fixed, and you can mutate no more.
You are extremely robust (+30% HP).
You are partially covered in red scales (AC +1).
You are partially covered in metallic scales (AC +3, Dex -2).
You are partially covered in speckled scales (AC +1).
You are partially covered in orange scales (AC +1).
You are partially covered in knobbly red scales (AC +2).
You are partially covered in iridescent scales (AC +1).


Message History

You feel as though nothing has changed.
You hear a distant slurping noise.
You start resting.
You hear a distant slurping noise.
Jiyva alters your body.
You feel rather odd for a moment.
You hear a distant slurping noise.

.# #.# #.# 777.777 .#
#.# #.# 777.7777 .# #.#
###.##### #77.77777 .#
#.# #..(....# #77.77777
.# #.#
#.......###7.77777. .#
#.# #..........7.7777.7
.#
#.#############7.7777.7
.# #>#....# #7...77.7
.# #.#...@# #77.....7
.#######.#....#
#777.....
....).........#
777...7.
..######.#....# 77.777.
..# #.#....# 77.777.
..# #.#....# 77.7777
..# #.####.# 777.7777
..# #.#
#.########777.7777 ..#
#.# #...J.....77..7777


There were no monsters in sight!

Vanquished Creatures
  Monster Symbol All ';'
  3 giant goldfish
  7 sharks
  4 lava fish (D:27)
  3 big fish
  7 electric eels
24 creatures vanquished. All '(' 3 dancing weapons
3 creatures vanquished. All ')' 10 mimics
10 creatures vanquished. All '@' Margery (D:27) Frederick (Vault:6) Rupert (Snake:1) Kirke (D:15) Agnes (Elf:4) Duane (Vault:4) Frances (D:26) Wayne (Snake:4) Francis (D:20) Louise (Snake:2) Jozef (Elf:5) 25 vault guards Erica (D:11) Harold (Elf:6) 8 hell knights 2 wizards 5 necromancers A glowing shapeshifter (Vault:8) Edmund (Orc:1) Eustachio (Elf:2) 3 slaves (D:6) 3 humans (shapeshifter)
62 creatures vanquished. All '*' An orb of fire (Zot:5)
1 creature vanquished. All '#' A vapour (Vault:6) 2 fire elementals (Elf:6)
3 creatures vanquished. All '%' A death cob (Zot:3)
1 creature vanquished. All '1' An Ice Fiend (Snake:5) 3 Executioners A Green Death (D:26)
5 creatures vanquished. All '2' 3 sun demons 3 soul eaters 3 ice devils 2 hellions 2 reapers
13 creatures vanquished. All '3' A tormentor (D:20) 5 orange demons A ynoxinul (D:5) 4 neqoxecs
11 creatures vanquished. All '4' 5 smoke demons A beast (D:11) 2 hairy devils 2 red devils 2 rotting devils
12 creatures vanquished. All '5' 14 imps 2 quasits 3 midges 2 shadow imps 8 lemures 5 white imps A manes (Elf:7) 20 ufetubi
55 creatures vanquished. All '8' 7 iron golems (Crypt:5) 3 clay golems
10 creatures vanquished. All 'a' A soldier ant (D:26) 14 giant ants 9 giant cockroaches
24 creatures vanquished. All 'b' 2 butterflies (D:16) 52 giant bats
54 creatures vanquished. All 'B' A boring beetle (Vault:6) A boulder beetle (shapeshifter) (Vault:6) 10 boulder beetles 3 giant beetles
15 creatures vanquished. All 'c' 38 yaktaur captains 27 centaur warriors 55 yaktaurs 44 centaurs
164 creatures vanquished. All 'C' 2 titans (Vault:8) 5 frost giants A fire giant (shapeshifter) (Vault:7) 4 fire giants 44 stone giants A hill giant (shapeshifter) (Vault:8) 19 hill giants 9 cyclopes 14 ettins
99 creatures vanquished. All 'd' A draconian scorcher (Zot:5) A draconian knight (Zot:5) A draconian zealot (Zot:5) A draconian annihilator (Zot:5) 2 black draconians (Zot:5) A white draconian (Zot:5) 2 red draconians (Zot:5) 2 draconians (shapeshifter)
11 creatures vanquished. All 'D' Xtahua (D:20) 3 golden dragons 15 shadow dragons A quicksilver dragon (Vault:8) 6 storm dragons An iron dragon (Vault:8) 5 skeletal dragons 3 dragons A dragon (shapeshifter) (Vault:8) 3 ice dragons A hydra (shapeshifter) (Vault:8) 7 hydras A swamp dragon (shapeshifter) (D:19) 3 wyverns A mottled dragon (D:14)
52 creatures vanquished. All 'e' 2 deep elf blademasters (Elf:7) 4 deep elf annihilators (Elf:7) 3 deep elf sorcerers (Elf:7) 7 deep elf death magi (Elf:7) 2 deep elf master archers (Elf:7) 12 deep elf demonologists 3 deep elf high priests 2 elves (shapeshifter) 22 deep elf knights An elf (Lair:5) 18 deep elf conjurers 21 deep elf fighters 14 deep elf summoners 12 deep elf priests 27 deep elf magi 40 deep elf soldiers
190 creatures vanquished. All 'E' Azrael (Elf:6)
1 creature vanquished. All 'f' 2 wandering mushrooms 44 ballistomycetes 5 fungi 19 toadstools
70 creatures vanquished. All 'F' 11 giant toads 2 spiny frogs 4 blink frogs (Lair:3) Prince Ribbit (D:8) 15 giant frogs
33 creatures vanquished. All 'g' Ijyb (D:2) 14 boggarts 7 gnolls 22 goblins 32 hobgoblins
76 creatures vanquished. All 'G' 3 great orbs of eyes A giant orange brain (shapeshifter) (Vault:8) A giant orange brain (Vault:2) A shining eye (shapeshifter) (D:27) An eye of draining (shapeshifter) (Vault:1) 2 giant eyeballs 8 giant spores
17 creatures vanquished. All 'h' A hog (D:15) 9 hell hounds A warg (shapeshifter) (Vault:8) 15 wargs A wolf (Lair:8) 16 hounds 15 jackals
58 creatures vanquished. All 'H' 3 sphinxes 11 griffons 14 harpies 2 manticores 10 hippogriffs
40 creatures vanquished. All 'I' 9 ice beasts
9 creatures vanquished. All 'j' 6 giant snails 5 giant slugs
11 creatures vanquished. All 'J' 3 azure jellies (Lair:8) 9 death oozes A giant amoeba (Vault:4) A slime creature (shapeshifter) (Vault:8) 7 brown oozes (Lair:8) 37 slime creatures 14 jellyfish 17 jellies 18 oozes
107 creatures vanquished. All 'k' 101 killer bees
101 creatures vanquished. All 'K' Pikel (D:6) 5 big kobolds A kobold demonologist (D:14) 44 kobolds
51 creatures vanquished. All 'l' 2 firedrakes 4 komodo dragons 4 gila monsters A swamp drake (Port) 7 giant lizards 5 giant iguanas 9 giant geckos 10 giant newts
42 creatures vanquished. All 'L' 7 ancient liches Boris (thrice) (D:22 D:23 D:27) 2 liches
12 creatures vanquished. All 'm' 3 merfolk (shapeshifter) 5 sirens 19 merfolk A siren (shapeshifter) (D:23) 14 mermaids
42 creatures vanquished. All 'M' Khufu (Crypt:2) 2 greater mummies (Crypt:2) 2 guardian mummies (Crypt:5) 3 mummies
8 creatures vanquished. All 'n' 2 rotting hulks 16 necrophages 6 ghouls
24 creatures vanquished. All 'N' Aizul (D:22) 17 greater nagas (Snake:5) 20 naga warriors 15 guardian nagas 9 naga magi 64 nagas
126 creatures vanquished. All 'o' Saint Roka (Shoal:5) Nergalle (Elf:6) An orc high priest (Vault:5) 40 orc knights 4 orc sorcerers Urug (Elf:3) 66 orc warriors Blork the orc (D:6) 29 orc priests 38 orc wizards 225 orcs
407 creatures vanquished. All 'O' 14 ogre magi Erolcha (Elf:2) 18 two-headed ogres 71 ogres
104 creatures vanquished. All 'p' The ghost of heteroy the Thrower, a powerful OgAM of Okawaru (D:13) 12 flayed ghosts 4 hungry ghosts 19 insubstantial wisps 7 phantoms The ghost of 78291 the Skirmisher, an average TrCr (D:4) The ghost of TGW the Chiller, an average OgIE (D:4) 4 shadows
49 creatures vanquished. All 'P' An oklob plant (Lair:4) 7 plants
8 creatures vanquished. All 'Q' A queen bee (Hive:2)
1 creature vanquished. All 'r' 7 orange rats 16 green rats 31 grey rats 9 quokkas 40 rats
103 creatures vanquished. All 'R' A rakshasa (D:18) 3 illusory rakshasas (D:18)
4 creatures vanquished. All 's' A trapdoor spider (D:14) A wolf spider (D:14) 2 redbacks 8 scorpions 4 giant centipedes 8 giant mites
24 creatures vanquished. All 'S' 7 grey snakes 19 black mambas 4 vipers 23 water moccasins 3 lava snakes (D:27) 35 snakes 3 small snakes
94 creatures vanquished. All 't' A minotaur (Lab)
1 creature vanquished. All 'T' Snorg (D:17) 29 deep trolls 4 iron trolls A rock troll (shapeshifter) (Elf:4) 7 rock trolls 2 trolls (shapeshifter) 19 trolls
63 creatures vanquished. All 'u' 6 very ugly things 94 ugly things
100 creatures vanquished. All 'U' A polar bear (shapeshifter) (Vault:8) 2 polar bears (Lair:8)
3 creatures vanquished. All 'V' 3 vampires
3 creatures vanquished. All 'w' 8 spiny worms A spiny worm (shapeshifter) (Vault:7) 3 rock worms 2 lava worms (D:27) 2 brain worms 13 worms 44 killer bee larvae 2 tentacles (Shoal:5)
75 creatures vanquished. All 'W' A shadow wraith (D:17) 3 spectral warriors 6 wraiths 13 freezing wraiths 5 wights
28 creatures vanquished. All 'x' 5 unseen horrors 4 small abominations
9 creatures vanquished. All 'X' 2 krakens (Shoal:5) 20 Orb Guardians (Zot:5) 4 tentacled monstrosities
26 creatures vanquished. All 'y' 2 red wasps A red wasp (shapeshifter) (D:18) 2 moths of wrath A moth of wrath (shapeshifter) (Vault:8) 6 giant blowflies 7 yellow wasps
19 creatures vanquished. All 'Y' 6 death yaks (Lair:7) 71 yaks 88 sheep
165 creatures vanquished. All 'z' 2 curse skulls 77 skeletal warriors 10 flaming corpses (Crypt:5) A mottled draconian zombie (Crypt:4) A yellow draconian zombie (Crypt:1) A black mamba skeleton (Crypt:3) 2 viper skeletons 8 blink frog skeletons A hog skeleton (Crypt:3) 2 siren skeletons 3 wyvern skeletons A mermaid skeleton (D:23) 2 giant blowfly zombies A siren zombie (Crypt:3) A mermaid zombie (Crypt:4) A wolf skeleton (Crypt:5) 3 giant frog skeletons 2 bumblebee zombies (Crypt:3) 3 water moccasin skeletons 2 giant frog zombies A warg skeleton (Crypt:3) A giant blowfly simulacrum (D:20) A war dog zombie (Crypt:3) A yellow wasp zombie (D:11) 2 soldier ant zombies A warg zombie (Crypt:2) A big kobold skeleton (D:18) 3 giant lizard skeletons An elf skeleton (Elf:7) A bumblebee simulacrum (Vault:1) A killer bee zombie (D:14) 2 big kobold zombies 5 hound skeletons A hound zombie (Vault:4) A giant ant zombie (Crypt:2) 7 elf zombies 7 draconian skeletons A giant iguana skeleton (Crypt:5) 2 snake skeletons 2 draconian zombies A scorpion zombie (Crypt:3) A giant iguana zombie (D:11) A sheep zombie (Crypt:1) A giant bat skeleton (Crypt:1) A human zombie (D:15) A jackal skeleton (Crypt:3) 5 small snake skeletons A giant gecko zombie (Crypt:2) A goblin skeleton (Vault:8) 2 goblin zombies A grey rat zombie (Crypt:2) 2 hobgoblin skeletons A hobgoblin zombie (Crypt:5) A kobold simulacrum (Crypt:3) 3 orc skeletons 3 orc zombies 2 quokka zombies 3 rat skeletons
197 creatures vanquished. All 'Z' 3 titan skeletons A storm dragon skeleton (D:25) 5 shadow dragon skeletons 2 iron dragon skeletons 9 fire giant skeletons 2 frost giant skeletons 14 stone giant skeletons A death yak skeleton (Crypt:2) 3 stone giant zombies 2 frost giant zombies 3 iron troll skeletons A minotaur skeleton (Crypt:2) 2 hydra skeletons A guardian naga skeleton (Crypt:5) An iron troll zombie (Vault:4) 2 harpy zombies 2 ice dragon skeletons 5 dragon skeletons A giant toad skeleton (Crypt:4) 2 hydra zombies A guardian naga zombie (Crypt:3) A hill giant skeleton (Vault:3) A griffon zombie (Vault:1) A giant toad zombie (D:13) A fire giant simulacrum (D:21) 6 deep troll skeletons A rock troll skeleton (Vault:4) A hill giant zombie (Vault:3) A lindwurm skeleton (Crypt:5) 2 rock troll zombies A firedrake skeleton (Crypt:5) 4 yaktaur skeletons A swamp dragon zombie (Crypt:1) 2 cyclops skeletons A giant slug zombie (Crypt:4) An ettin skeleton (D:17) A yak skeleton (Crypt:5) A hippogriff zombie (Crypt:4) A centaur skeleton (Crypt:2) 3 yak zombies A two-headed ogre skeleton (Crypt:2) 3 boulder beetle zombies A yaktaur simulacrum (D:22) 14 two-headed ogre zombies (Orc:3) A giant slug simulacrum (D:15) A gila monster skeleton (Crypt:4) 2 ogre zombies A mottled dragon zombie (Crypt:3) A swamp drake zombie (Crypt:2) A steam dragon zombie (Crypt:1)
120 creatures vanquished.
3250 creatures vanquished. Monster Nature Uniques Khufu (Crypt:2) Saint Roka (Shoal:5) Boris (thrice) (D:22 D:23 D:27) Margery (D:27) Xtahua (D:20) Frederick (Vault:6) Rupert (Snake:1) Kirke (D:15) Agnes (Elf:4) Aizul (D:22) Duane (Vault:4) Frances (D:26) Wayne (Snake:4) Francis (D:20) Louise (Snake:2) Jozef (Elf:5) Azrael (Elf:6) Snorg (D:17) Erica (D:11) Harold (Elf:6) Nergalle (Elf:6) Pikel (D:6) Erolcha (Elf:2) Urug (Elf:3) Edmund (Orc:1) Eustachio (Elf:2) Prince Ribbit (D:8) Blork the orc (D:6) Ijyb (D:2)
31 creatures vanquished. Natural Monsters 2 krakens (Shoal:5) 3 golden dragons 20 Orb Guardians (Zot:5) 2 deep elf blademasters (Elf:7) 2 titans (Vault:8) 15 shadow dragons A quicksilver dragon (Vault:8) 3 sphinxes 6 storm dragons 5 frost giants A draconian scorcher (Zot:5) A draconian knight (Zot:5) An iron dragon (Vault:8) 3 azure jellies (Lair:8) A draconian zealot (Zot:5) A draconian annihilator (Zot:5) A fire giant (shapeshifter) (Vault:7) 4 fire giants 4 deep elf annihilators (Elf:7) 3 deep elf sorcerers (Elf:7) 7 deep elf death magi (Elf:7) 2 black draconians (Zot:5) A white draconian (Zot:5) 2 red draconians (Zot:5) 17 greater nagas (Snake:5) 2 deep elf master archers (Elf:7) 38 yaktaur captains A minotaur (Lab) 3 dragons 3 great orbs of eyes 25 vault guards A dragon (shapeshifter) (Vault:8) 44 stone giants 3 ice dragons 6 death yaks (Lair:7) A hydra (shapeshifter) (Vault:8) 12 deep elf demonologists 14 ogre magi 2 draconians (shapeshifter) 3 deep elf high priests 7 hydras 7 grey snakes A hill giant (shapeshifter) (Vault:8) An orc high priest (Vault:5) 29 deep trolls 2 elves (shapeshifter) 6 very ugly things 22 deep elf knights 8 hell knights A giant amoeba (Vault:4) 4 iron trolls A giant orange brain (shapeshifter) (Vault:8) 20 naga warriors 11 griffons A giant orange brain (Vault:2) 2 wizards 40 orc knights 14 harpies A swamp dragon (shapeshifter) (D:19) 2 red wasps 4 orc sorcerers 5 necromancers 15 guardian nagas A red wasp (shapeshifter) (D:18) 27 centaur warriors 2 moths of wrath 19 hill giants An elf (Lair:5) A moth of wrath (shapeshifter) (Vault:8) 8 spiny worms A trapdoor spider (D:14) A spiny worm (shapeshifter) (Vault:7) A glowing shapeshifter (Vault:8) A slime creature (shapeshifter) (Vault:8) 3 merfolk (shapeshifter) A wolf spider (D:14) 19 black mambas 55 yaktaurs 5 sirens 19 merfolk 9 cyclopes 11 giant toads A siren (shapeshifter) (D:23) 9 naga magi 5 unseen horrors A rock troll (shapeshifter) (Elf:4) 7 rock trolls A queen bee (Hive:2) 94 ugly things 2 redbacks 2 trolls (shapeshifter) 18 two-headed ogres 19 trolls 14 mermaids 2 spiny frogs A shining eye (shapeshifter) (D:27) 14 ettins A polar bear (shapeshifter) (Vault:8) 7 brown oozes (Lair:8) 2 polar bears (Lair:8) 3 giant goldfish 4 blink frogs (Lair:3) 18 deep elf conjurers 2 firedrakes 71 yaks 37 slime creatures 4 vipers 6 giant snails A hog (D:15) 7 sharks 21 deep elf fighters 14 deep elf summoners 5 giant slugs 6 giant blowflies 2 manticores 4 komodo dragons A soldier ant (D:26) 3 rock worms 10 hippogriffs 3 wyverns 2 lava worms (D:27) A boring beetle (Vault:6) 12 deep elf priests 5 big kobolds 71 ogres 3 slaves (D:6) 9 ice beasts A mottled dragon (D:14) A warg (shapeshifter) (Vault:8) 2 brain worms 44 centaurs 64 nagas A boulder beetle (shapeshifter) (Vault:6) 4 gila monsters 27 deep elf magi 15 wargs 10 boulder beetles A kobold demonologist (D:14) A swamp drake (Port) 66 orc warriors 23 water moccasins A wolf (Lair:8) 15 giant frogs An eye of draining (shapeshifter) (Vault:1) 14 jellyfish 4 lava fish (D:27) 3 big fish 101 killer bees 7 giant lizards 7 yellow wasps 29 orc priests 7 orange rats 16 hounds 38 orc wizards 7 electric eels 88 sheep 40 deep elf soldiers 14 giant ants 8 scorpions 5 giant iguanas 3 lava snakes (D:27) 17 jellies 14 boggarts 35 snakes 13 worms 4 giant centipedes 7 gnolls 3 giant beetles 8 giant mites 16 green rats 2 butterflies (D:16) 18 oozes 2 giant eyeballs 9 giant cockroaches 9 giant geckos 22 goblins 31 grey rats 32 hobgoblins 3 humans (shapeshifter) 15 jackals 225 orcs 9 quokkas 40 rats 3 small snakes 52 giant bats 10 giant newts 44 killer bee larvae 44 kobolds 2 tentacles (Shoal:5)
2537 creatures vanquished. Non-Living Monsters An orb of fire (Zot:5) A vapour (Vault:6) 3 dancing weapons 7 iron golems (Crypt:5) 10 mimics 2 fire elementals (Elf:6) 3 clay golems 19 insubstantial wisps
46 creatures vanquished. Undead Monsters 7 ancient liches 2 greater mummies (Crypt:2) 2 liches 2 curse skulls 5 skeletal dragons 3 titan skeletons A storm dragon skeleton (D:25) 9 death oozes The ghost of heteroy the Thrower, a powerful OgAM of Okawaru (D:13) A death cob (Zot:3) 5 shadow dragon skeletons 2 iron dragon skeletons 9 fire giant skeletons 2 frost giant skeletons 14 stone giant skeletons 77 skeletal warriors A shadow wraith (D:17) A death yak skeleton (Crypt:2) 12 flayed ghosts 3 stone giant zombies 2 frost giant zombies 10 flaming corpses (Crypt:5) 3 iron troll skeletons A minotaur skeleton (Crypt:2) 2 hydra skeletons 3 spectral warriors A mottled draconian zombie (Crypt:4) A yellow draconian zombie (Crypt:1) A guardian naga skeleton (Crypt:5) An iron troll zombie (Vault:4) 2 harpy zombies 2 ice dragon skeletons 5 dragon skeletons A giant toad skeleton (Crypt:4) A black mamba skeleton (Crypt:3) 2 hydra zombies 2 guardian mummies (Crypt:5) A guardian naga zombie (Crypt:3) A hill giant skeleton (Vault:3) A griffon zombie (Vault:1) A giant toad zombie (D:13) 2 rotting hulks A fire giant simulacrum (D:21) 6 deep troll skeletons A rock troll skeleton (Vault:4) A hill giant zombie (Vault:3) 3 vampires 4 hungry ghosts A lindwurm skeleton (Crypt:5) 2 rock troll zombies 2 viper skeletons 8 blink frog skeletons A firedrake skeleton (Crypt:5) A hog skeleton (Crypt:3) 4 yaktaur skeletons 6 wraiths 2 siren skeletons A swamp dragon zombie (Crypt:1) 3 wyvern skeletons A mermaid skeleton (D:23) 2 cyclops skeletons 13 freezing wraiths 2 giant blowfly zombies 16 necrophages 7 phantoms A siren zombie (Crypt:3) The ghost of 78291 the Skirmisher, an average TrCr (D:4) A giant slug zombie (Crypt:4) A mermaid zombie (Crypt:4) An ettin skeleton (D:17) A yak skeleton (Crypt:5) The ghost of TGW the Chiller, an average OgIE (D:4) A wolf skeleton (Crypt:5) 3 giant frog skeletons A hippogriff zombie (Crypt:4) A centaur skeleton (Crypt:2) 2 bumblebee zombies (Crypt:3) 3 water moccasin skeletons 3 yak zombies 6 ghouls A two-headed ogre skeleton (Crypt:2) 3 boulder beetle zombies 2 giant frog zombies A warg skeleton (Crypt:3) A giant blowfly simulacrum (D:20) A war dog zombie (Crypt:3) A yaktaur simulacrum (D:22) A yellow wasp zombie (D:11) 14 two-headed ogre zombies (Orc:3) 2 soldier ant zombies A giant slug simulacrum (D:15) A warg zombie (Crypt:2) A gila monster skeleton (Crypt:4) A big kobold skeleton (D:18) 3 giant lizard skeletons An elf skeleton (Elf:7) A bumblebee simulacrum (Vault:1) 5 wights A killer bee zombie (D:14) 2 ogre zombies 2 big kobold zombies 5 hound skeletons A mottled dragon zombie (Crypt:3) 4 shadows A hound zombie (Vault:4) A giant ant zombie (Crypt:2) 7 elf zombies A swamp drake zombie (Crypt:2) A steam dragon zombie (Crypt:1) 7 draconian skeletons A giant iguana skeleton (Crypt:5) 2 snake skeletons 2 draconian zombies A scorpion zombie (Crypt:3) A giant iguana zombie (D:11) 3 mummies A sheep zombie (Crypt:1) A giant bat skeleton (Crypt:1) A human zombie (D:15) A jackal skeleton (Crypt:3) 5 small snake skeletons A giant gecko zombie (Crypt:2) A goblin skeleton (Vault:8) 2 goblin zombies A grey rat zombie (Crypt:2) 2 hobgoblin skeletons A hobgoblin zombie (Crypt:5) A kobold simulacrum (Crypt:3) 3 orc skeletons 3 orc zombies 2 quokka zombies 3 rat skeletons
433 creatures vanquished. Demonic Monsters An Ice Fiend (Snake:5) 3 Executioners 4 tentacled monstrosities A Green Death (D:26) A rakshasa (D:18) 3 sun demons 3 soul eaters 3 ice devils 2 hellions 2 reapers A tormentor (D:20) 5 orange demons 5 smoke demons A beast (D:11) A ynoxinul (D:5) 4 neqoxecs 2 hairy devils 2 red devils 9 hell hounds 2 rotting devils 4 small abominations 14 imps 2 quasits 3 midges 2 shadow imps 8 lemures 5 white imps A manes (Elf:7) 20 ufetubi 3 illusory rakshasas (D:18)
117 creatures vanquished. Plants An oklob plant (Lair:4) 2 wandering mushrooms 44 ballistomycetes 8 giant spores 5 fungi 7 plants 19 toadstools
86 creatures vanquished.
3250 creatures vanquished. Ascending Order Khufu (Crypt:2) An orb of fire (Zot:5) Saint Roka (Shoal:5) Margery (D:27) Xtahua (D:20) Frederick (Vault:6) Rupert (Snake:1) A quicksilver dragon (Vault:8) Kirke (D:15) Agnes (Elf:4) Aizul (D:22) Duane (Vault:4) Frances (D:26) Wayne (Snake:4) An Ice Fiend (Snake:5) Francis (D:20) A draconian scorcher (Zot:5) A draconian knight (Zot:5) An iron dragon (Vault:8) Louise (Snake:2) A draconian zealot (Zot:5) A draconian annihilator (Zot:5) A fire giant (shapeshifter) (Vault:7) A Green Death (D:26) Jozef (Elf:5) A white draconian (Zot:5) Azrael (Elf:6) Snorg (D:17) A minotaur (Lab) A vapour (Vault:6) A storm dragon skeleton (D:25) A dragon (shapeshifter) (Vault:8) The ghost of heteroy the Thrower, a powerful OgAM of Okawaru (D:13) Erica (D:11) Harold (Elf:6) A death cob (Zot:3) A hydra (shapeshifter) (Vault:8) Nergalle (Elf:6) A rakshasa (D:18) A hill giant (shapeshifter) (Vault:8) An orc high priest (Vault:5) Pikel (D:6) A giant amoeba (Vault:4) A giant orange brain (shapeshifter) (Vault:8) A shadow wraith (D:17) A giant orange brain (Vault:2) A death yak skeleton (Crypt:2) Erolcha (Elf:2) A swamp dragon (shapeshifter) (D:19) A red wasp (shapeshifter) (D:18) An oklob plant (Lair:4) Urug (Elf:3) A minotaur skeleton (Crypt:2) An elf (Lair:5) A mottled draconian zombie (Crypt:4) A moth of wrath (shapeshifter) (Vault:8) A trapdoor spider (D:14) A yellow draconian zombie (Crypt:1) A spiny worm (shapeshifter) (Vault:7) A glowing shapeshifter (Vault:8) A guardian naga skeleton (Crypt:5) A slime creature (shapeshifter) (Vault:8) An iron troll zombie (Vault:4) A wolf spider (D:14) A giant toad skeleton (Crypt:4) A black mamba skeleton (Crypt:3) A tormentor (D:20) A siren (shapeshifter) (D:23) A rock troll (shapeshifter) (Elf:4) A guardian naga zombie (Crypt:3) A hill giant skeleton (Vault:3) A queen bee (Hive:2) A griffon zombie (Vault:1) A giant toad zombie (D:13) A fire giant simulacrum (D:21) A rock troll skeleton (Vault:4) A shining eye (shapeshifter) (D:27) A polar bear (shapeshifter) (Vault:8) A hill giant zombie (Vault:3) A lindwurm skeleton (Crypt:5) Edmund (Orc:1) Eustachio (Elf:2) A beast (D:11) A ynoxinul (D:5) A firedrake skeleton (Crypt:5) A hog (D:15) A hog skeleton (Crypt:3) Prince Ribbit (D:8) A swamp dragon zombie (Crypt:1) A mermaid skeleton (D:23) A soldier ant (D:26) A boring beetle (Vault:6) A siren zombie (Crypt:3) A giant slug zombie (Crypt:4) A mermaid zombie (Crypt:4) The ghost of 78291 the Skirmisher, an average TrCr (D:4) An ettin skeleton (D:17) A mottled dragon (D:14) A yak skeleton (Crypt:5) The ghost of TGW the Chiller, an average OgIE (D:4) A warg (shapeshifter) (Vault:8) A wolf skeleton (Crypt:5) A boulder beetle (shapeshifter) (Vault:6) A hippogriff zombie (Crypt:4) A centaur skeleton (Crypt:2) A kobold demonologist (D:14) A swamp drake (Port) A wolf (Lair:8) A two-headed ogre skeleton (Crypt:2) Blork the orc (D:6) A warg skeleton (Crypt:3) A war dog zombie (Crypt:3) A giant blowfly simulacrum (D:20) A yaktaur simulacrum (D:22) An eye of draining (shapeshifter) (Vault:1) A yellow wasp zombie (D:11) A giant slug simulacrum (D:15) A warg zombie (Crypt:2) A gila monster skeleton (Crypt:4) A big kobold skeleton (D:18) An elf skeleton (Elf:7) A bumblebee simulacrum (Vault:1) A killer bee zombie (D:14) A mottled dragon zombie (Crypt:3) A hound zombie (Vault:4) Ijyb (D:2) A giant ant zombie (Crypt:2) A swamp drake zombie (Crypt:2) A steam dragon zombie (Crypt:1) A giant iguana skeleton (Crypt:5) A manes (Elf:7) A scorpion zombie (Crypt:3) A giant iguana zombie (D:11) A sheep zombie (Crypt:1) A giant bat skeleton (Crypt:1) A human zombie (D:15) A jackal skeleton (Crypt:3) A kobold simulacrum (Crypt:3) A giant gecko zombie (Crypt:2) A grey rat zombie (Crypt:2) A goblin skeleton (Vault:8) A hobgoblin zombie (Crypt:5) 2 krakens (Shoal:5) 2 greater mummies (Crypt:2) 2 liches 2 curse skulls 2 deep elf blademasters (Elf:7) 2 titans (Vault:8) 2 black draconians (Zot:5) 2 red draconians (Zot:5) 2 deep elf master archers (Elf:7) 2 draconians (shapeshifter) 2 iron dragon skeletons 2 elves (shapeshifter) 2 frost giant skeletons 2 wizards 2 frost giant zombies 2 red wasps 2 hellions 2 hydra skeletons 2 moths of wrath 2 reapers 2 ice dragon skeletons 2 harpy zombies 2 hydra zombies 2 guardian mummies (Crypt:5) 2 redbacks 2 trolls (shapeshifter) 2 rotting hulks 2 spiny frogs 2 wandering mushrooms 2 polar bears (Lair:8) 2 fire elementals (Elf:6) 2 rock troll zombies 2 firedrakes 2 viper skeletons 2 siren skeletons 2 manticores 2 hairy devils 2 cyclops skeletons 2 red devils 2 lava worms (D:27) 2 giant blowfly zombies 2 rotting devils 2 brain worms 2 bumblebee zombies (Crypt:3) 2 giant frog zombies 2 soldier ant zombies 2 ogre zombies 2 big kobold zombies 2 quasits 2 snake skeletons 2 shadow imps 2 draconian zombies 2 butterflies (D:16) 2 giant eyeballs 2 goblin zombies 2 hobgoblin skeletons 2 quokka zombies 2 tentacles (Shoal:5) Boris (thrice) (D:22 D:23 D:27) 3 golden dragons 3 sphinxes 3 Executioners 3 azure jellies (Lair:8) 3 deep elf sorcerers (Elf:7) 3 titan skeletons 3 dragons 3 great orbs of eyes 3 ice dragons 3 dancing weapons 3 deep elf high priests 3 sun demons 3 soul eaters 3 stone giant zombies 3 ice devils 3 iron troll skeletons 3 spectral warriors 3 merfolk (shapeshifter) 3 vampires 3 giant goldfish 3 clay golems 3 wyvern skeletons 3 rock worms 3 wyverns 3 slaves (D:6) 3 giant frog skeletons 3 yak zombies 3 water moccasin skeletons 3 boulder beetle zombies 3 big fish 3 giant lizard skeletons 3 lava snakes (D:27) 3 midges 3 giant beetles 3 mummies 3 small snakes 3 humans (shapeshifter) 3 orc skeletons 3 rat skeletons 3 orc zombies 3 illusory rakshasas (D:18) 4 tentacled monstrosities 4 fire giants 4 deep elf annihilators (Elf:7) 4 iron trolls 4 orc sorcerers 4 hungry ghosts 4 blink frogs (Lair:3) 4 vipers 4 neqoxecs 4 yaktaur skeletons 4 komodo dragons 4 gila monsters 4 lava fish (D:27) 4 small abominations 4 shadows 4 giant centipedes 5 frost giants 5 skeletal dragons 5 shadow dragon skeletons 5 necromancers 5 dragon skeletons 5 sirens 5 orange demons 5 unseen horrors 5 smoke demons 5 giant slugs 5 big kobolds 5 wights 5 hound skeletons 5 giant iguanas 5 white imps 5 small snake skeletons 5 fungi 6 storm dragons 6 death yaks (Lair:7) 6 very ugly things 6 deep troll skeletons 6 giant snails 6 wraiths 6 giant blowflies 6 ghouls 7 ancient liches 7 deep elf death magi (Elf:7) 7 hydras 7 grey snakes 7 iron golems (Crypt:5) 7 rock trolls 7 brown oozes (Lair:8) 7 sharks 7 phantoms 7 giant lizards 7 yellow wasps 7 orange rats 7 electric eels 7 elf zombies 7 draconian skeletons 7 gnolls 7 plants 8 hell knights 8 spiny worms 8 blink frog skeletons 8 scorpions 8 lemures 8 giant mites 8 giant spores 9 death oozes 9 fire giant skeletons 9 cyclopes 9 naga magi 9 hell hounds 9 ice beasts 9 giant cockroaches 9 quokkas 9 giant geckos 10 flaming corpses (Crypt:5) 10 mimics 10 hippogriffs 10 boulder beetles 10 giant newts 11 griffons 11 giant toads 12 deep elf demonologists 12 flayed ghosts 12 deep elf priests 13 freezing wraiths 13 worms 14 ogre magi 14 stone giant skeletons 14 harpies 14 mermaids 14 ettins 14 deep elf summoners 14 two-headed ogre zombies (Orc:3) 14 jellyfish 14 imps 14 giant ants 14 boggarts 15 shadow dragons 15 guardian nagas 15 wargs 15 giant frogs 15 jackals 16 necrophages 16 hounds 16 green rats 17 greater nagas (Snake:5) 17 jellies 18 two-headed ogres 18 deep elf conjurers 18 oozes 19 hill giants 19 black mambas 19 merfolk 19 trolls 19 insubstantial wisps 19 toadstools 20 Orb Guardians (Zot:5) 20 naga warriors 20 ufetubi 21 deep elf fighters 22 deep elf knights 22 goblins 23 water moccasins 25 vault guards 27 centaur warriors 27 deep elf magi 29 deep trolls 29 orc priests 31 grey rats 32 hobgoblins 35 snakes 37 slime creatures 38 yaktaur captains 38 orc wizards 40 orc knights 40 deep elf soldiers 40 rats 44 stone giants 44 centaurs 44 ballistomycetes 44 kobolds 44 killer bee larvae 52 giant bats 55 yaktaurs 64 nagas 66 orc warriors 71 yaks 71 ogres 77 skeletal warriors 88 sheep 94 ugly things 101 killer bees 225 orcs
3250 creatures vanquished. The 3-digit Club 101 killer bees 225 orcs
326 creatures vanquished. ----------------------------------------

Vanquished Creatures (collateral kills)
  Monster Symbol All 'g'
  A goblin (D:5)
1 creature vanquished. All 'l' A giant gecko (D:5)
1 creature vanquished.
2 creatures vanquished. Monster Nature Natural Monsters A giant gecko (D:5) A goblin (D:5)
2 creatures vanquished.
2 creatures vanquished. Ascending Order A giant gecko (D:5) A goblin (D:5)
2 creatures vanquished. ----------------------------------------

Vanquished Creatures (others)
  Monster Symbol All '@'
  A human (D:15)
1 creature vanquished. All '3' A tormentor (Slime:6) A hellwing (Slime:6)
2 creatures vanquished. All 'a' A giant ant (D:20) A giant cockroach (D:16)
2 creatures vanquished. All 'B' A boring beetle (Lair:5)
1 creature vanquished. All 'c' A centaur (D:14)
1 creature vanquished. All 'D' A hydra (Lair:5)
1 creature vanquished. All 'f' A ballistomycete (D:20) 27 toadstools
28 creatures vanquished. All 'F' 4 blink frogs (Lair:5)
4 creatures vanquished. All 'g' 2 hobgoblins A goblin (D:24)
3 creatures vanquished. All 'G' A golden eye (Slime:4) An eye of draining (Slime:6) A giant eyeball (Slime:6) 7 giant spores
10 creatures vanquished. All 'J' An azure jelly (Slime:6) 35 slime creatures 58 jellies An ooze (Slime:6)
95 creatures vanquished. All 'l' A giant lizard (D:14)
1 creature vanquished. All 'M' 8 mummies (Crypt:5)
8 creatures vanquished. All 'N' A naga (Snake:5)
1 creature vanquished. All 'o' An orc knight (D:20) 2 orcs
3 creatures vanquished. All 'O' 5 ogres
5 creatures vanquished. All 'r' 6 green rats (Lair:5) A grey rat (Lair:2) A quokka (Lair:6) 3 rats
11 creatures vanquished. All 'S' A water moccasin (Snake:5) A water moccasin (shapeshifter) (D:14) 4 snakes
6 creatures vanquished. All 'w' 7 killer bee larvae 11 tentacles (Shoal:5)
18 creatures vanquished. All 'x' A small abomination (Snake:5)
1 creature vanquished. All 'Y' A yak (D:14) 4 sheep (Shoal:5)
5 creatures vanquished. All 'z' A big kobold skeleton (Crypt:2) An elf zombie (D:25) A small snake skeleton (D:25) An orc skeleton (Crypt:5)
4 creatures vanquished. All 'Z' A cyclops zombie (D:22)
1 creature vanquished.
212 creatures vanquished. Monster Nature Natural Monsters An azure jelly (Slime:6) A hydra (Lair:5) A human (D:15) An orc knight (D:20) 35 slime creatures 4 blink frogs (Lair:5) A golden eye (Slime:4) A yak (D:14) 5 ogres A boring beetle (Lair:5) A naga (Snake:5) A centaur (D:14) A giant lizard (D:14) A water moccasin (Snake:5) A water moccasin (shapeshifter) (D:14) An eye of draining (Slime:6) A giant ant (D:20) 4 sheep (Shoal:5) 58 jellies 4 snakes 6 green rats (Lair:5) An ooze (Slime:6) A giant eyeball (Slime:6) A giant cockroach (D:16) A grey rat (Lair:2) 2 hobgoblins 2 orcs A quokka (Lair:6) A goblin (D:24) 7 killer bee larvae 3 rats 11 tentacles (Shoal:5)
161 creatures vanquished. Undead Monsters A cyclops zombie (D:22) A big kobold skeleton (Crypt:2) 8 mummies (Crypt:5) An elf zombie (D:25) A small snake skeleton (D:25) An orc skeleton (Crypt:5)
13 creatures vanquished. Demonic Monsters A tormentor (Slime:6) A hellwing (Slime:6) A small abomination (Snake:5)
3 creatures vanquished. Plants A ballistomycete (D:20) 7 giant spores 27 toadstools
35 creatures vanquished.
212 creatures vanquished. Ascending Order An azure jelly (Slime:6) A hydra (Lair:5) A human (D:15) An orc knight (D:20) A tormentor (Slime:6) A hellwing (Slime:6) A yak (D:14) A golden eye (Slime:4) A boring beetle (Lair:5) A naga (Snake:5) A centaur (D:14) A cyclops zombie (D:22) A giant lizard (D:14) A small abomination (Snake:5) A water moccasin (Snake:5) A water moccasin (shapeshifter) (D:14) An eye of draining (Slime:6) A big kobold skeleton (Crypt:2) A giant ant (D:20) A ballistomycete (D:20) An elf zombie (D:25) An ooze (Slime:6) A giant eyeball (Slime:6) A giant cockroach (D:16) A small snake skeleton (D:25) A quokka (Lair:6) A grey rat (Lair:2) A goblin (D:24) An orc skeleton (Crypt:5) 2 orcs 2 hobgoblins 3 rats 4 blink frogs (Lair:5) 4 sheep (Shoal:5) 4 snakes 5 ogres 6 green rats (Lair:5) 7 killer bee larvae 7 giant spores 8 mummies (Crypt:5) 11 tentacles (Shoal:5) 27 toadstools 35 slime creatures 58 jellies
212 creatures vanquished. ----------------------------------------

Grand Total: 3464 creatures vanquished

Notes
Turn   | Place    | Note
--------------------------------------------------------------
     0 | D:1      | 78291, the Troll Crusader, began the quest for the Orb.
     0 | D:1      | Reached XP level 1. HP: 16/16 MP: 1/1
   385 | D:1      | Reached XP level 2. HP: 23/23 MP: 1/1
  1015 | D:1      | Reached XP level 3. HP: 31/31 MP: 2/2
  1215 | D:2      | Noticed Ijyb
  1248 | D:2      | Defeated Ijyb
  1272 | D:2      | Learned a level 2 spell: Freezing Aura
  1497 | D:2      | Reached XP level 4. HP: 36/38 MP: 2/3
  2300 | D:3      | Reached skill 3 in Maces & Flails
  2533 | D:3      | Found a blossoming altar of Fedhas.
  2881 | D:4      | Reached XP level 5. HP: 46/46 MP: 2/3
  3046 | D:4      | Learned a level 3 spell: Berserker Rage
  3105 | D:4      | Noticed 78291's ghost
  3470 | D:4      | Defeated 78291's ghost
  3630 | D:4      | Found Smiwiumm's Antique Weapon Shoppe.
  3681 | D:4      | Noticed TGW's ghost
  3698 | D:4      | Found a staircase to the Ecumenical Temple.
  4564 | D:4      | Defeated TGW's ghost
  4564 | D:4      | Reached XP level 6. HP: 53/53 MP: 1/4
  4830 | Temple   | Entered the Ecumenical Temple
  4886 | Temple   | Became a worshipper of Warmaster Okawaru
  4922 | D:5      | Entered Level 5 of the Dungeon
  4977 | D:5      | Reached skill 4 in Maces & Flails
  5551 | D:5      | Reached XP level 7. HP: 44/60 MP: 4/4
  5580 | D:5      | Learned a level 2 spell: Repel Missiles
  5636 | D:5      | Acquired Okawaru's first power
  6652 | D:6      | Reached skill 5 in Dodging
  6767 | D:6      | Reached XP level 8. HP: 69/69 MP: 2/5
  7084 | D:6      | Noticed Blork the orc
  7085 | D:6      | Noticed Pikel
  7134 | D:6      | Defeated Blork the orc
  7140 | D:6      | Defeated Pikel
  7242 | D:6      | Reached XP level 9. HP: 77/77 MP: 2/6
  7313 | D:7      | Found Joc Tuath's Distillery.
  7319 | D:7      | Bought a potion of heal wounds for 33 gold pieces
  7345 | D:7      | Reached skill 6 in Maces & Flails
  7603 | D:7      | Found a staircase to the Orcish Mines.
  7984 | D:8      | Reached skill 7 in Dodging
  8685 | D:8      | Noticed Prince Ribbit
  8698 | D:8      | Defeated Prince Ribbit
  8915 | D:8      | Found Wim Umar's Antique Weapon Shop.
  9428 | D:11     | Acquired Okawaru's second power
  9429 | D:11     | Reached skill 8 in Maces & Flails
  9491 | D:11     | Reached XP level 10. HP: 85/85 MP: 3/9
  9530 | D:11     | Noticed Erica
  9546 | D:11     | Defeated Erica
  9815 | D:11     | Got an engraved book
  9816 | D:11     | Identified the Volume of Ashen Transformation (You found it on level 11 of the Dungeon)
 10021 | D:11     | Reached skill 9 in Maces & Flails
 10352 | D:10     | Entered Level 10 of the Dungeon
 10908 | D:10     | Received a gift from Okawaru
 11034 | D:12     | Reached skill 10 in Maces & Flails
 11053 | D:12     | Found a staircase to the Lair.
 11066 | D:15     | Entered Level 15 of the Dungeon
 11067 | D:15     | Found a staircase to the Hive.
 11095 | D:15     | Reached XP level 11. HP: 96/96 MP: 7/9
 12148 | D:14     | Noticed a shadow dragon
 12165 | D:14     | Reached skill 11 in Maces & Flails
 12617 | D:14     | Noticed a stone giant
 12676 | D:14     | Defeated a stone giant
 12766 | D:14     | Noticed a shadow dragon
 12777 | D:13     | Noticed heteroy's ghost
 13053 | D:12     | Noticed a blink frog skeleton
 13087 | D:12     | Defeated a blink frog skeleton
 13101 | Lair:1   | Entered Level 1 of the Lair of Beasts
 13909 | Lair:2   | Reached skill 12 in Maces & Flails
 15096 | Lair:3   | Reached XP level 12. HP: 106/106 MP: 1/11
 15554 | Lair:3   | Found a staircase to the Shoals.
 16289 | Lair:4   | Found Gyfif's Armour Shop.
 16453 | Lair:4   | Received a gift from Okawaru
 16454 | Lair:4   | Got a shimmering cap {god gift}
 16457 | Lair:4   | Identified the -2 cap of Birdsong {god gift} (Okawaru gifted it to you on level 4 of the Lair of Beasts)
 16567 | Lair:4   | Found a staircase to the Snake Pit.
 16953 | Lair:5   | Found a flickering gateway to a bazaar. 16975
                  | bazaar
                  | Entered a bazaar. 17068
                  | bazaar
                  | Found Smoahur's Food Boutique. 17164
                  | bazaar
                  | Found Umiasch's Distillery. 17167
                  | bazaar
                  | Bought a potion of heal wounds for 33 gold pieces 17167
                  | bazaar
                  | Bought a potion of heal wounds for 33 gold pieces 17192
                  | bazaar
                  | Found Gaan's Armour Emporium.
 17294 | Lair:5   | Found a labyrinth entrance.
 17306 | Lab      | Entered a Labyrinth
 17816 | Lab      | Got a smoking lapis lazuli ring
 17816 | Lab      | Got a black book
 17844 | Lab      | Identified the ring "Obosoz" (You found it in a Labyrinth)
 17855 | Lair:5   | Identified the Disquisition on Infatuation (You found it in a Labyrinth)
 17859 | Lair:5   | Learned a level 3 spell: Regeneration
 18095 | Lair:5   | Reached skill 13 in Maces & Flails
 18889 | Lair:6   | Found a staircase to the Slime Pits.
 19194 | D:12     | Found Coakuasch's Distillery.
 19201 | D:12     | Bought a potion of heal wounds for 45 gold pieces
 19551 | D:12     | Noticed a yaktaur captain
 19571 | D:12     | Defeated a yaktaur captain
 19595 | D:12     | Noticed a stone giant
 19630 | D:12     | Defeated a stone giant
 19630 | D:12     | Reached XP level 13. HP: 116/116 MP: 10/14
 19668 | D:12     | Found an iron altar of Okawaru.
 19671 | D:12     | Found a blossoming altar of Fedhas.
 20186 | D:9      | Got a shimmering hammer
 20188 | D:9      | Identified the hammer of 78291's Terror {drain} (You found it on level 9 of the Dungeon)
 20888 | Orc:1    | Entered Level 1 of the Orcish Mines
 21068 | Orc:2    | Found Useyraat's General Store.
 21147 | Orc:2    | Found a dark tunnel.
 21153 | Volcano  | Entered a volcano.
 21371 | Volcano  | Found a bloodstained altar of Trog.
 21405 | Volcano  | Received a gift from Okawaru
 21410 | Volcano  | Got a warped giant spiked club {god gift}
 21411 | Volcano  | Identified the giant spiked club of the Fulmar {god gift, pierce, Noisy Str+3} (Okawaru gifted it to you in a volcano)
 21737 | Orc:2    | Found a roughly hewn altar of Beogh.
 22338 | Orc:1    | Found Ybesinej's Weapon Shop.
 22338 | Orc:1    | Noticed Edmund
 22363 | Orc:1    | Received a gift from Okawaru
 22378 | Orc:1    | Defeated Edmund
 22749 | Orc:3    | Found a staircase to the Elven Halls.
 23712 | Orc:3    | Noticed an ogre mage
 23717 | Orc:3    | Defeated an ogre mage
 23773 | Orc:4    | Entered Level 4 of the Orcish Mines
 23973 | Orc:4    | Found a glowing silver altar of Zin.
 24159 | Orc:4    | Received a gift from Okawaru
 24164 | Orc:4    | Got a distressingly furry shield {god gift}
 24172 | Orc:4    | Identified the +2 shield of the Sun {god gift} (Okawaru gifted it to you on level 4 of the Orcish Mines)
 24787 | D:13     | Reached skill 14 in Maces & Flails
 25270 | D:13     | Defeated heteroy's ghost
 25820 | D:14     | Defeated a shadow dragon
 26312 | D:14     | Defeated a shadow dragon
 26485 | D:14     | Reached XP level 14. HP: 112/126 MP: 15/15
 26719 | D:14     | Noticed a shadow dragon
 26721 | D:14     | Reached XP level 13. HP: 97/120 MP: 6/13
 26728 | D:14     | Defeated a shadow dragon
 26728 | D:14     | Reached XP level 14. HP: 126/126 MP: 5/15
 26738 | D:14     | Got a droning book
 26741 | D:14     | Identified the Guide on Supportive Confrontation (You found it on level 14 of the Dungeon)
 26995 | D:15     | Noticed Kirke
 27003 | D:15     | Defeated Kirke
 27560 | D:16     | Found Yneigiom's Assorted Antiques.
 27714 | D:16     | Received a gift from Okawaru
 28489 | D:17     | Reached skill 15 in Maces & Flails
 28772 | D:17     | Received a gift from Okawaru
 29072 | D:17     | Noticed Snorg
 29078 | D:17     | Defeated Snorg
 29261 | D:20     | Entered Level 20 of the Dungeon
 29383 | D:20     | Noticed Xtahua
 29400 | D:20     | Reached XP level 15. HP: 136/136 MP: 13/17
 29790 | D:20     | Defeated Xtahua
 30580 | D:20     | Received a gift from Okawaru
 30624 | D:20     | Noticed Francis
 30639 | D:20     | Defeated Francis
 31224 | D:20     | HP: 6/136 [ogre mage/crystal spear[a boggart] (50)]
 31239 | D:20     | HP: 4/136 [slime creature (10)]
 32032 | D:17     | Noticed a spectral warrior
 32393 | Lair:7   | Reached skill 16 in Maces & Flails
 32633 | Lair:8   | Entered Level 8 of the Lair of Beasts
 33062 | Lair:1   | Learned a level 2 spell: Blink
 33439 | D:18     | Noticed a runed orcish scimitar
 33444 | D:18     | Defeated a runed orcish scimitar
 33444 | D:18     | Reached XP level 16. HP: 84/143 MP: 20/20
 33474 | D:18     | Found a staircase to the Vaults.
 33477 | D:18     | Noticed a battleaxe
 33488 | D:18     | Defeated a battleaxe
 33606 | D:18     | Received a gift from Okawaru
 33607 | D:18     | Got a dazzling troll leather armour {god gift}
 33941 | D:18     | Identified the +0 troll leather armour of Fun and Games {god gift} (Okawaru gifted it to you on level 18 of the Dungeon)
 34687 | D:17     | Noticed a spectral warrior
 34697 | D:17     | Defeated a spectral warrior
 34919 | D:17     | Got a transparent robe
 35502 | Vault:1  | Entered Level 1 of the Vaults
 36703 | Vault:2  | Gained mutation: You are weak (Str -1).
 36705 | Vault:2  | Gained mutation: You are dopey (Int -1).
 36775 | Vault:2  | Gained mutation: Armour fits poorly on your deformed body.
 37501 | Hive:1   | Entered Level 1 of the Hive
 37507 | Hive:1   | Received a gift from Okawaru
 37983 | Hive:2   | Entered Level 2 of the Hive
 38376 | Hive:2   | Received a gift from Okawaru
 39372 | Lair:1   | Identified the +1 robe of the Monkey's Uncle (You found it on level 17 of the Dungeon)
 40308 | Snake:1  | Entered Level 1 of the Snake Pit
 40564 | Snake:1  | Noticed Rupert
 40573 | Snake:1  | Defeated Rupert
 40573 | Snake:1  | Reached XP level 17. HP: 125/154 MP: 20/20
 41043 | Snake:2  | Found Puojuteo's Antique Weapon Boutique.
 41150 | Snake:2  | Received a gift from Okawaru
 41293 | Snake:2  | Noticed Louise
 41317 | Snake:2  | Defeated Louise
 41327 | Snake:2  | Reached skill 17 in Maces & Flails
 41922 | Snake:3  | Found a glowing silver altar of Zin.
 42650 | Snake:4  | Learned a level 4 spell: Selective Amnesia
 42769 | Snake:4  | Found Sheraeje's Armour Shop.
 42774 | Snake:4  | Noticed Wayne
 42785 | Snake:4  | Defeated Wayne
 42785 | Snake:4  | Received a gift from Okawaru
 42807 | Snake:4  | Got a jewelled cloak {god gift}
 42811 | Snake:4  | Identified the +3 cloak of Hairiness {god gift} (Okawaru gifted it to you on level 4 of the Snake Pit)
 43047 | Shoal:1  | Entered Level 1 of the Shoals
 43595 | Lair:1   | Learned a level 2 spell: Levitation
 44338 | Shoal:3  | Received a gift from Okawaru
 45271 | Shoal:5  | Entered Level 5 of the Shoals
 45315 | Shoal:5  | Reached XP level 18. HP: 162/162 MP: 17/21
 45578 | Shoal:5  | Noticed Saint Roka
 45610 | Shoal:5  | Received a gift from Okawaru
 45640 | Shoal:5  | Defeated Saint Roka
 45696 | Shoal:5  | Got a transparent robe {god gift}
 45710 | Shoal:5  | Got a barnacled rune of Zot
 46205 | Lair:1   | Identified the -3 robe "Zygawn" {god gift} (Okawaru gifted it to you on level 5 of the Shoals)
 46433 | Vault:3  | Found Ilojux's Antique Armour Emporium.
 46441 | Vault:3  | Bought a dirty hat for 202 gold pieces
 46445 | Vault:3  | Identified the +2 hat of the Alchemist (You bought it in a shop on level 3 of the Vaults)
 46876 | Vault:3  | Reached skill 18 in Maces & Flails
 47602 | Vault:3  | Received a gift from Okawaru
 47603 | Vault:3  | Got a warped cloak {god gift}
 47607 | Vault:3  | Identified the +3 cloak "Shritufidgh" {god gift} (Okawaru gifted it to you on level 3 of the Vaults)
 48083 | Vault:4  | Noticed Duane
 48098 | Vault:4  | Defeated Duane
 48524 | Vault:5  | Reached XP level 19. HP: 81/168 MP: 24/24
 49164 | Vault:4  | Found a staircase to the Crypt.
 49283 | Vault:4  | Received a gift from Okawaru
 50066 | Vault:6  | Found a staircase to the Hall of Blades.
 50471 | Vault:6  | Noticed Frederick
 50481 | Vault:6  | Defeated Frederick
 50652 | Vault:6  | Received a gift from Okawaru
 50848 | Vault:6  | Reached skill 19 in Maces & Flails
 51214 | Vault:7  | Found a glowing silver altar of Zin.
 52472 | D:21     | Reached XP level 20. HP: 180/180 MP: 23/25
 52577 | D:21     | Reached XP level 19. HP: 100/173 MP: 21/23
 52577 | D:21     | Reached XP level 20. HP: 100/180 MP: 22/25
 52712 | D:21     | Found a gateway to Hell.
 52785 | D:21     | Received a gift from Okawaru
 52786 | D:21     | Got a fine quarterstaff {god gift}
 52787 | D:21     | Identified the quarterstaff of Dominance {god gift, slay orc, rPois} (Okawaru gifted it to you on level 21 of the Dungeon)
 52902 | D:21     | Found a one-way gate to the infinite horrors of the Abyss.
 53067 | D:22     | Noticed Aizul
 53143 | D:22     | Noticed Boris
 53221 | D:22     | Defeated Boris
 53477 | D:22     | Defeated Aizul
 54059 | D:23     | Noticed Boris
 54107 | D:23     | Defeated Boris
 54313 | D:23     | Received a gift from Okawaru
 54340 | D:23     | Got a shimmering giant spiked club {god gift}
 54341 | D:23     | Identified the giant spiked club of Creoshant {god gift, pierce, rElec rN+ Dex+2 Stlth+} (Okawaru gifted it to you on level 23 of the Dungeon)
 54613 | D:23     | Got a shimmering jade ring
 54889 | D:23     | Found a one-way gate leading to the halls of Pandemonium.
 55233 | D:24     | Got a bloodstained robe
 55291 | D:24     | Reached skill 20 in Maces & Flails
 55443 | D:24     | Received a gift from Okawaru
 55457 | D:24     | Got a steaming cloak {god gift}
 55464 | D:24     | Identified the +3 cloak "Uklopit" {god gift} (Okawaru gifted it to you on level 24 of the Dungeon)
 55680 | D:26     | Reached XP level 21. HP: 156/187 MP: 26/26
 56461 | D:26     | Noticed Frances
 56485 | D:26     | Defeated Frances
 56762 | D:26     | Found a bloodstained altar of Trog.
 56935 | D:26     | Found Soxacw's Jewellery Shoppe.
 56938 | D:26     | Bought the amulet "Scheg" {rSlow rF+ MR Dex+4} for 871 gold pieces
 56943 | D:26     | Identified the ring "Tyuti" (You found it on level 23 of the Dungeon)
 56972 | D:25     | Entered Level 25 of the Dungeon
 57448 | D:25     | Found Fruojesa's Food Shoppe.
 57523 | D:25     | Received a gift from Okawaru
 57838 | D:27     | Entered Level 27 of the Dungeon
 57902 | D:27     | Noticed Margery
 57918 | D:27     | Defeated Margery
 58002 | D:27     | Found a gateway to a bazaar. 58008
                  | bazaar
                  | Entered a bazaar. 58008
                  | bazaar
                  | Found Ymeijih's Armour Emporium. 58008
                  | bazaar
                  | Found Zofi's Jewellery Shoppe. 58008
                  | bazaar
                  | Found Procran's General Store. 58009
                  | bazaar
                  | Found Tywn's Book Emporium. 58012
                  | bazaar
                  | Bought a +0,+5 ring of slaying for 672 gold pieces 58021
                  | bazaar
                  | Bought a book of the Sky for 585 gold pieces 58031
                  | bazaar
                  | Identified the cursed -4 robe of Liberty (You found it on level 24 of the Dungeon) 58048
                  | bazaar
                  | Learned a level 5 spell: Silence
 58172 | D:27     | Found Qidwubbitor's Armour Emporium.
 58293 | D:27     | Noticed Boris
 58397 | D:27     | Defeated Boris
 58397 | D:27     | Reached XP level 22. HP: 197/197 MP: 23/26
 58530 | D:27     | Noticed a shining eye
 58536 | D:27     | Defeated a shining eye
 58805 | D:27     | Got a brightly glowing robe
 59081 | D:27     | Reached skill 21 in Maces & Flails
 59948 | D:24     | Received a gift from Okawaru
 59954 | D:24     | Got a faintly glowing giant spiked club {god gift}
 59955 | D:24     | Identified the giant spiked club of Plague {god gift, flame} (Okawaru gifted it to you on level 24 of the Dungeon)
 60746 | Elf:1    | Entered Level 1 of the Elven Halls
 61551 | Elf:2    | Noticed Erolcha
 61557 | Elf:2    | Defeated Erolcha
 61830 | Elf:2    | Noticed Eustachio
 61838 | Elf:2    | Defeated Eustachio
 62440 | Elf:3    | Noticed Urug
 62477 | Elf:3    | Defeated Urug
 62551 | Elf:3    | Received a gift from Okawaru
 62552 | Elf:3    | Got a steaming wizard hat {god gift}
 62556 | Elf:3    | Identified the +1 wizard hat of the Carpenter {god gift} (Okawaru gifted it to you on level 3 of the Elven Halls)
 63138 | Elf:4    | Noticed Agnes
 63148 | Elf:4    | Defeated Agnes
 63335 | Elf:5    | Noticed Jozef
 63344 | Elf:5    | Defeated Jozef
 63491 | Elf:5    | Found Kluraar's Assorted Antiques.
 64061 | Elf:6    | Noticed Nergalle
 64073 | Elf:6    | Defeated Nergalle
 64438 | Elf:6    | Noticed Azrael
 64441 | Elf:6    | Defeated Azrael
 64482 | Elf:6    | Received a gift from Okawaru
 64487 | Elf:6    | Got a polished giant club {god gift}
 64488 | Elf:6    | Identified the giant club of Stasis {god gift, holy, +Inv} (Okawaru gifted it to you on level 6 of the Elven Halls)
 64579 | Elf:6    | Noticed Harold
 64582 | Elf:6    | Defeated Harold
 64733 | Elf:7    | Entered Level 7 of the Elven Halls
 64835 | Elf:7    | Got an engraved book
 64852 | Elf:7    | Identified the Handbook of Darkness (You found it on level 7 of the Elven Halls)
 65743 | Elf:7    | Gained mutation: Your magical capacity is low (-10% MP).
 66156 | Elf:7    | Noticed a deep elf master archer
 66157 | Elf:7    | Noticed a deep elf blademaster
 66164 | Elf:7    | Defeated a deep elf master archer
 66175 | Elf:7    | Defeated a deep elf blademaster
 66249 | Elf:7    | Got a brightly glowing marble ring
 66252 | Elf:7    | Got a sparkling platinum ring
 66312 | Elf:7    | Noticed a deep elf master archer
 66356 | Elf:7    | Noticed a deep elf blademaster
 66368 | Elf:7    | Defeated a deep elf master archer
 66369 | Elf:7    | Defeated a deep elf blademaster
 66430 | Elf:7    | Got an engraved book
 66436 | Elf:7    | Identified the Tome of Transmutation and Clay (You found it on level 7 of the Elven Halls)
 66442 | Elf:7    | Got a steel ring
 66452 | Elf:7    | Got a slimy jade ring
 67043 | Lair:1   | Identified the ring "Bewnup" (You found it on level 7 of the Elven Halls)
 67044 | Lair:1   | Identified the cursed ring of Oleiceup (You found it on level 7 of the Elven Halls)
 67044 | Lair:1   | Identified the ring of Robustness (You found it on level 7 of the Elven Halls)
 67050 | Lair:1   | Identified the ring of Ullel (You found it on level 7 of the Elven Halls)
 67076 | Lair:1   | Learned a level 6 spell: Haste
 67396 | Crypt:1  | Entered Level 1 of the Crypt
 67500 | Crypt:1  | Received a gift from Okawaru
 68436 | Crypt:2  | Received a gift from Okawaru
 68437 | Crypt:2  | Got a pitted great mace {god gift}
 68439 | Crypt:2  | Identified the great mace "Jealuc" {god gift, drain, +Inv SInv} (Okawaru gifted it to you on level 2 of the Crypt)
 68824 | Crypt:2  | Reached skill 22 in Maces & Flails
 68963 | Crypt:2  | Noticed Khufu
 68990 | Crypt:2  | Defeated Khufu
 69108 | Crypt:2  | Found a staircase to the Tomb.
 69353 | Crypt:3  | Got a faintly glowing robe
 69462 | Crypt:3  | Reached XP level 23. HP: 209/209 MP: 25/25
 69680 | Crypt:3  | Reached XP level 22. HP: 196/203 MP: 24/25
 69714 | Crypt:3  | Reached XP level 23. HP: 99/209 MP: 25/25
 70283 | Crypt:5  | Entered Level 5 of the Crypt
 71214 | Crypt:5  | Received a gift from Okawaru
 71688 | Crypt:5  | Got a crude jade ring
 71787 | Crypt:5  | Found an ancient bone altar of Kikubaaqudgha.
 71877 | Crypt:5  | Got a yellowed book
 71880 | Crypt:5  | Identified The Advanced Guide to Wizardry (You found it on level 5 of the Crypt)
 73185 | Lair:1   | Identified the ring of Qan Chos (You found it on level 5 of the Crypt)
 73195 | Lair:1   | Identified the +2 robe of Imperfection (You found it on level 3 of the Crypt)
 73507 | D:16     | Bought a scroll of enchant weapon I for 110 gold pieces
 75068 | Vault:8  | Entered Level 8 of the Vaults
 75576 | Vault:8  | A merfolk changed into a pulsating lump
 75578 | Vault:8  | A pulsating lump shaped shifter changed into a merfolk
 76259 | Vault:8  | Got a crude iron ring
 76275 | Vault:8  | Identified the ring "Gadadghi" (You found it on level 8 of the Vaults)
 76553 | Vault:8  | Received a gift from Okawaru
 76554 | Vault:8  | Got a crude robe {god gift}
 76557 | Vault:8  | Got a silver rune of Zot
 76766 | Vault:8  | Identified the -5 robe of Pefoyllybe {god gift} (Okawaru gifted it to you on level 8 of the Vaults)
 77435 | Vault:8  | Reached XP level 22. HP: 124/414 MP: 5/25
 77437 | Vault:8  | Reached XP level 23. HP: 101/214 MP: 6/25
 77633 | Vault:8  | Reached skill 23 in Maces & Flails
 78601 | Lair:8   | Found a viscous altar of Jiyva.
 78627 | Lair:8   | Fell from the grace of Okawaru
 78627 | Lair:8   | Was placed under penance by Okawaru
 78627 | Lair:8   | Became a worshipper of Jiyva Juuciach the Shapeless
 79552 | Slime:1  | Entered Level 1 of the Pits of Slime
 80815 | Slime:6  | Entered Level 6 of the Pits of Slime
 80829 | Slime:6  | Found a viscous altar of Jiyva.
 80830 | Slime:6  | Acquired Jiyva's first power
 80831 | Slime:6  | Noticed the royal jelly
 80852 | Slime:6  | Got a pitted copper ring
 80886 | Slime:6  | Acquired Jiyva's second power
 80888 | Slime:6  | Got a shimmering ruby amulet
 80892 | Slime:6  | Got a blood-stained necklace
 80904 | Slime:6  | Got a droning book
 80905 | Slime:6  | Identified the Handbook of Earth and Transmigration (You found it on level 6 of the Pits of Slime)
 80906 | Slime:6  | Identified the ring "Utucodur" (You found it on level 6 of the Pits of Slime)
 80906 | Slime:6  | Identified the amulet of Summertime (You found it on level 6 of the Pits of Slime)
 80920 | Slime:6  | Got a slimy rune of Zot
 80974 | Slime:6  | Lost mutation: Armour fits poorly on your deformed body.
 80974 | Slime:6  | Received a gift from Jiyva
 81241 | Lair:1   | Acquired Jiyva's third power
 81241 | Lair:1   | Gained mutation: You tend to lose your temper in combat.
 81241 | Lair:1   | Received a gift from Jiyva
 81246 | Lair:1   | Gained mutation: You regenerate.
 81246 | Lair:1   | Received a gift from Jiyva
 81252 | Lair:1   | Gained mutation: You have a pair of small horns on your head.
 81252 | Lair:1   | Received a gift from Jiyva
 81252 | Lair:1   | Gained mutation: You can spit poison.
 81252 | Lair:1   | Received a gift from Jiyva
 81253 | Lair:1   | Gained mutation: You are partially covered in green scales (AC +1).
 81253 | Lair:1   | Received a gift from Jiyva
 81259 | Lair:1   | Lost mutation: Your magical capacity is low (-10% MP).
 81259 | Lair:1   | Received a gift from Jiyva
 81321 | Lair:1   | Identified the necklace of Bloodlust (You found it on level 6 of the Pits of Slime)
 81397 | D:11     | Gained mutation: You can spit moderately strong poison.
 81397 | D:11     | Received a gift from Jiyva
 81414 | D:11     | Gained mutation: You have extremely tough skin (AC +3).
 81414 | D:11     | Received a gift from Jiyva
 81415 | D:11     | Lost mutation: You are partially covered in green scales (AC +1).
 81415 | D:11     | Received a gift from Jiyva
 81421 | D:11     | Lost mutation: You have extremely tough skin (AC +3).
 81421 | D:11     | Received a gift from Jiyva
 81425 | D:11     | Gained mutation: You are robust (+10% HP).
 81425 | D:11     | Received a gift from Jiyva
 81460 | D:11     | Lost mutation: You tend to lose your temper in combat.
 81460 | D:11     | Received a gift from Jiyva
 81497 | D:10     | Gained mutation: You are agile (Dex +1).
 81497 | D:10     | Received a gift from Jiyva
 81700 | D:4      | Gained mutation: You have a pair of horns on your head.
 81700 | D:4      | Received a gift from Jiyva
 81937 | D:10     | Lost mutation: You can spit moderately strong poison.
 81937 | D:10     | Received a gift from Jiyva
 82180 | Snake:5  | Entered Level 5 of the Snake Pit
 82441 | Snake:5  | Gained mutation: You are partially covered in speckled scales (AC +1).
 82441 | Snake:5  | Received a gift from Jiyva
 82447 | Snake:5  | Gained mutation: You possess an exceptional clarity of mind.
 82447 | Snake:5  | Received a gift from Jiyva
 82453 | Snake:5  | Gained mutation: You can spit moderately strong poison.
 82453 | Snake:5  | Received a gift from Jiyva
 82453 | Snake:5  | Gained mutation: You have a pair of large horns on your head.
 82453 | Snake:5  | Received a gift from Jiyva
 82461 | Snake:5  | Lost mutation: You are partially covered in speckled scales (AC +1).
 82461 | Snake:5  | Received a gift from Jiyva
 82475 | Snake:5  | Lost mutation: You are dopey (Int -1).
 82475 | Snake:5  | Received a gift from Jiyva
 82479 | Snake:5  | Gained mutation: You are very robust (+20% HP).
 82479 | Snake:5  | Received a gift from Jiyva
 82482 | Snake:5  | Lost mutation: You possess an exceptional clarity of mind.
 82482 | Snake:5  | Received a gift from Jiyva
 82517 | Snake:5  | Gained mutation: You are partially covered in metallic scales (AC +3, Dex -2).
 82517 | Snake:5  | Received a gift from Jiyva
 82588 | Snake:5  | Gained mutation: You are resistant to electric shocks.
 82588 | Snake:5  | Received a gift from Jiyva
 82589 | Snake:5  | Gained mutation: You have extremely tough skin (AC +3).
 82589 | Snake:5  | Received a gift from Jiyva
 82590 | Snake:5  | Gained mutation: You can control translocations.
 82590 | Snake:5  | Received a gift from Jiyva
 82591 | Snake:5  | Lost mutation: You are weak (Str -1).
 82591 | Snake:5  | Received a gift from Jiyva
 82600 | Snake:5  | Lost mutation: You have extremely tough skin (AC +3).
 82600 | Snake:5  | Received a gift from Jiyva
 82604 | Snake:5  | Lost mutation: You are very robust (+20% HP).
 82604 | Snake:5  | Received a gift from Jiyva
 82620 | Snake:5  | Lost mutation: You are agile (Dex +1).
 82620 | Snake:5  | Received a gift from Jiyva
 82641 | Snake:5  | Got a serpentine rune of Zot
 82718 | Snake:5  | Lost mutation: You are resistant to electric shocks.
 82718 | Snake:5  | Received a gift from Jiyva
 82718 | Snake:5  | Lost mutation: You can spit moderately strong poison.
 82718 | Snake:5  | Received a gift from Jiyva
 83075 | Snake:5  | Gained mutation: You can translocate small distances instantaneously.
 83075 | Snake:5  | Received a gift from Jiyva
 83075 | Snake:5  | Gained mutation: You are weak (Str -1).
 83075 | Snake:5  | Received a gift from Jiyva
 83401 | Snake:5  | Gained mutation: Your body is slowly deteriorating.
 83401 | Snake:5  | Received a gift from Jiyva
 83401 | Snake:5  | Gained mutation: You are partially covered in green scales (AC +1).
 83401 | Snake:5  | Received a gift from Jiyva
 83656 | D:14     | Gained mutation: You are partially covered in orange scales (AC +1).
 83656 | D:14     | Received a gift from Jiyva
 84335 | D:27     | Gained mutation: You are somewhat resistant to further mutation.
 84335 | D:27     | Received a gift from Jiyva
 84340 | D:27     | Gained mutation: You are very robust (+20% HP).
 84340 | D:27     | Received a gift from Jiyva
 84343 | D:27     | Lost mutation: You are weak (Str -1).
 84343 | D:27     | Received a gift from Jiyva
 84343 | D:27     | Gained mutation: You are somewhat resistant to both further mutation and mutation removal.
 84343 | D:27     | Received a gift from Jiyva
 84343 | D:27     | Lost mutation: You are partially covered in green scales (AC +1).
 84343 | D:27     | Received a gift from Jiyva
 84348 | D:27     | Lost mutation: You regenerate.
 84348 | D:27     | Received a gift from Jiyva
 84349 | D:27     | Gained mutation: You are partially covered in iridescent scales (AC +1).
 84349 | D:27     | Received a gift from Jiyva
 84349 | D:27     | Gained mutation: Your muscles are strong (Str +1).
 84349 | D:27     | Received a gift from Jiyva
 84350 | D:27     | Gained mutation: You are partially covered in green scales (AC +1).
 84350 | D:27     | Received a gift from Jiyva
 84352 | D:27     | Lost mutation: Your muscles are strong (Str +1).
 84352 | D:27     | Received a gift from Jiyva
 84352 | Zot:1    | Entered Level 1 of the Realm of Zot
 84504 | Zot:2    | Reached XP level 24. HP: 252/265 MP: 30/30
 84618 | Zot:3    | Lost mutation: Your body is slowly deteriorating.
 84618 | Zot:3    | Received a gift from Jiyva
 84752 | Zot:5    | Entered Level 5 of the Realm of Zot
 84838 | Zot:5    | Reached skill 24 in Maces & Flails
 84849 | Zot:5    | Lost mutation: You have a pair of large horns on your head.
 84849 | Zot:5    | Received a gift from Jiyva
 84930 | Zot:5    | Gained mutation: You digest meat inefficiently.
 84930 | Zot:5    | Received a gift from Jiyva
 84940 | Zot:5    | Lost mutation: You can spit poison.
 84940 | Zot:5    | Received a gift from Jiyva
 85275 | Zot:4    | Lost mutation: You digest meat inefficiently.
 85275 | Zot:4    | Received a gift from Jiyva
 85287 | Zot:4    | Gained mutation: You are partially covered in knobbly red scales (AC +2).
 85287 | Zot:4    | Received a gift from Jiyva
 86050 | Zot:5    | Reached XP level 25. HP: 194/273 MP: 31/31
 86196 | Zot:5    | Gained mutation: You have a pair of large horns on your head.
 86196 | Zot:5    | Received a gift from Jiyva
 86200 | Zot:5    | Lost mutation: You can translocate small distances instantaneously.
 86200 | Zot:5    | Received a gift from Jiyva
 86202 | Zot:5    | Gained mutation: Your digestive system is specialised to digest meat.
 86202 | Zot:5    | Received a gift from Jiyva
 86242 | Zot:5    | Got the Orb of Zot
 86256 | Zot:5    | Gained mutation: You are partially covered in red scales (AC +1).
 86256 | Zot:5    | Received a gift from Jiyva
 86451 | D:27     | Gained mutation: Your muscles are strong (Str +1), but stiff (Dex -1).
 86451 | D:27     | Received a gift from Jiyva
 86698 | D:25     | Lost mutation: You have a pair of large horns on your head.
 86698 | D:25     | Received a gift from Jiyva
 86782 | D:23     | Noticed Vayck the pandemonium lord
 86889 | D:17     | Gained mutation: You are partially covered in speckled scales (AC +1).
 86889 | D:17     | Received a gift from Jiyva
 86906 | D:17     | Lost mutation: You are partially covered in green scales (AC +1).
 86906 | D:17     | Received a gift from Jiyva
 86976 | D:14     | Lost mutation: Your digestive system is specialised to digest meat.
 86976 | D:14     | Received a gift from Jiyva
 86979 | D:14     | Gained mutation: You cover ground quickly.
 86979 | D:14     | Received a gift from Jiyva
 86984 | D:14     | Gained mutation: You can teleport at will.
 86984 | D:14     | Received a gift from Jiyva
 86996 | D:14     | Gained mutation: Your mind is acute (Int +1).
 86996 | D:14     | Received a gift from Jiyva
 86996 | D:14     | Gained mutation: You are extremely robust (+30% HP).
 86996 | D:14     | Received a gift from Jiyva
 86997 | D:14     | Gained mutation: Your current mutations are irrevocably fixed, and you can mutate no more.
 86997 | D:14     | Received a gift from Jiyva
 87383 | D:4      | Noticed a lich
 87389 | D:4      | Noticed Minaimos the pandemonium lord
 87557 | D:1      | Noticed a jelly
 87574 | D:1      | Received a gift from Jiyva
 87575 | D:$      | Escaped with the Orb!
